 Dungeon Crawl Stone Soup version 0.28.0-43-g3370ac3207 (webtiles) character file.

Game seed: 16885616624639070023

39 Kaptain the Digger (level 3, -1/20 HPs)
             Began as a Gargoyle Earth Elementalist on Mar 17, 2022.
             Slain by Sigmund
             ... wielding a +0 scythe
              (3 damage)
             ... on level 2 of the Dungeon.
             The game lasted 00:02:06 (1164 turns).

Kaptain the Digger (Gargoyle Earth Elementalist)    Turns: 1164, Time: 00:02:06

Health: -1/20      AC:  5    Str: 11    XL:     3   Next: 45%
Magic:  1/6        EV: 11    Int: 17    God:
Gold:   38         SH:  0    Dex: 10    Spells: 2/6 levels left

rFire   . . .      SeeInvis .   a - +3 mace (protect)
rCold   . . .      Faith    .   (no shield)
rNeg    + . .      Spirit   .   b - +0 robe
rPois   ∞          Reflect  .   (no helmet)
rElec   +          Harm     .   (no cloak)
rCorr   .          Rampage  .   (no gloves)
Will    .....                   (no boots)
Stlth   +.........              (no amulet)
HPRegen 0.06/turn               (no ring)
MPRegen 0.10/turn               (no ring)

@: confused
A: sickness immunity, AC +3, negative energy resistance 1, electricity
resistance, torment resistance 1, petrification resistance
a: no special abilities


You were on level 2 of the Dungeon.
You visited 1 branch of the dungeon, and saw 2 of its levels.

You collected 38 gold pieces.

Inventory:

Hand Weapons
 a - a +3 mace of protection (weapon)
 g - a +0 hunting sling
Missiles
 c - 35 stones
 i - 2 poisoned darts
Armour
 b - a +0 robe (worn)
 d - a +0 kite shield
Potions
 e - a potion of lignification {unknown}
 f - a potion of resistance {unknown}
 h - a potion of mutation {unknown}
 j - a potion of attraction {unknown}


   Skills:
 * Level 0.7 Fighting
 + Level 0.8 Armour
 - Level 1.5 Dodging
 + Level 2.7 Stealth
 + Level 0.9 Shields
 * Level 2.2 Spellcasting
 * Level 1.1 Conjurations
 - Level 0.7 Transmutations
 * Level 3.9 Earth Magic


You had 2 spell levels left.
You knew the following spells:

 Your Spells              Type           Power      Damage    Failure   Level
a - Sandblast             Erth           30%        2d9       3%          1
b - Stone Arrow           Conj/Erth      20%        3d8       21%         3

Your spell library contained the following spells:

 Spells                   Type           Power      Damage    Failure   Level
 Passwall                 Tmut/Erth      7%         N/A       11%         2
 Petrify                  Tmut/Erth      9%         N/A       58%         4


Dungeon Overview and Level Annotations

Branches:
Dungeon (2/15)

Altars:

Annotations:
D:2 Sigmund


Innate Abilities, Weirdness & Mutations

You are immune to sickness and miasma.
Your stone body is resilient. (AC +3)
You are immune to poison.
You resist negative energy. (rN+)
You are resistant to electric shocks. (rElec)
You are resistant to unholy torment.
You are immune to petrification.


Message History

Confirm with . or Enter, or press ? or * to list all spells.
Aiming: Sandblast (safe; 3% risk of failure)
Press: ? - help, Shift-Dir - straight line, f/p - Sigmund
Aim: Sigmund, wielding a +0 scythe and wearing a +0 robe (77% to hit)
The blast of sand hits Sigmund!
Sigmund is moderately wounded.
Unknown command.
Casting: Sandblast (safe; 3% risk of failure)
Confirm with . or Enter, or press ? or * to list all spells.
Aiming: Sandblast (safe; 3% risk of failure)
Press: ? - help, Shift-Dir - straight line, f/p - Sigmund
Aim: Sigmund, wielding a +0 scythe and wearing a +0 robe (moderately wounded, 77% to hit)
The blast of sand hits Sigmund.
Sigmund is heavily wounded.
Sigmund hits you from afar with a +0 scythe.
Casting: Sandblast (safe; 3% risk of failure)
Confirm with . or Enter, or press ? or * to list all spells.
Aiming: Sandblast (safe; 3% risk of failure)
Press: ? - help, Shift-Dir - straight line, f/p - Sigmund
Aim: Sigmund, wielding a +0 scythe and wearing a +0 robe (heavily wounded, 77% to hit)
The blast of sand hits Sigmund.
Sigmund is heavily wounded.
Sigmund closely misses you.
You see here an adder corpse.
Sigmund gestures at you while chanting. The magic dart hits you.
Sigmund mumbles some strange words.
Sigmund flickers and vanishes!
Deactivating autopickup; reactivate with Ctrl-A.
You open the door.
You hear some strange, mumbled words.
You are confused.
There is an open door here.
The adder bites you but does no damage. Something hits you.
* * * LOW HITPOINT WARNING * * *
The adder closely misses you.
You closely miss the adder. The adder bites you.
* * * LOW HITPOINT WARNING * * *
Something hits you.
You die...

..######.......#####
#............
#.......#####
#######
#####'#......
#(..).# #.#.###.#
#.....##### #.#.#
#..
+.........####.#.#
###
#....S.†.........#
#..
#....@###..###.###
#.# ####'## ##.#
#.#####.# #.# #.#
......... #.# ...
#.####### #.#
....#.# . #..
#....#.# #.# ###
#....#.# .. ..# #.


You could see an adder.

Vanquished Creatures
  An adder (D:2)
  3 endoplasms (D:1)
  A giant cockroach (D:1)
  2 goblins
  4 hobgoblins (D:1)
  2 kobolds (D:1)
  3 quokkas
  6 ball pythons (D:1)
  A bat (D:1)
  2 frilled lizards (D:1)
  A rat (D:1)
26 creatures vanquished.

Notes
Turn   | Place    | Note
-------+----------+-------------------------------------------
     0 | D:1      | Kaptain the Gargoyle Earth Elementalist began the quest for
                  | the Orb.
     0 | D:1      | Reached XP level 1. HP: 10/10 MP: 3/3
   556 | D:1      | Reached XP level 2. HP: 15/15 MP: 3/5
   574 | D:1      | Reached skill level 1 in Conjurations
   906 | D:1      | Reached XP level 3. HP: 20/20 MP: 4/6
   910 | D:1      | Learned a level 3 spell: Stone Arrow
  1146 | D:2      | Noticed Sigmund
  1164 | D:2      | Slain by Sigmund

Illustrated notes

Levels and vault maps discovered:
D:1:      lightli_arrival_noodles, layout_basic, chequers_serial_rivers_micro_c
D:2:      layout_basic, basic_altar, serial_rivers,
          chequers_serial_rivers_room_b, chequers_serial_rivers_large_b,
          chequers_serial_rivers_micro_b, chequers_serial_rivers_small_3,
          minmay_crystal_water, uniq_sigmund

Skill      XL: |  1  2 |
---------------+-------+-----
Conjurations   | 1 |  1.1
Fighting       | |  0.7
Armour         | |  0.8
Dodging        | |  1.5
Stealth        | |  2.7
Shields        | |  0.9
Spellcasting   | |  2.2
Transmutations | |  0.7
Earth Magic    | |  3.9

Action                   || total
-------------------------++-------
Melee: Mace              ||    27
 Cast: Sandblast         ||    21
 Stab: Sleeping          ||     2
Armor: Robe              ||    20
Dodge: Dodged            ||    23
